AoeStats
← kreegz

Hideout

509375670Analyzed
1v1 RM · 5d ago on Sep 26, 2026· 22m 38s· 2 players
Game mode
Random Map
Map size
Tiny (2 player)
Population
200
Speed
Normal
Resources
Standard
Victory
Conquest
Starting age
Dark Age
Ending age
Imperial Age
RankedLock teamsTeams togetherTeam positionsShared explorationLock speedFull tech treeHidden civsTurbo modeCheats
Victory
Defeat
🇨🇱 Romans · Chile
1089
+15
🇺🇸 Celts · United States
1074
-15
kreegz
6:56 Loom
10:02 Feudal Age
11:06 Double-Bit Axe
11:14 Horse Collar
18:47 Fletching
24:24 Castle Age
Borlone
4:03 Loom
10:31 Feudal Age
11:05 Double-Bit Axe
11:28 Horse Collar
11:19 Man-at-Arms
12:38 Scale Mail Armor
13:36 Forging
17:09 Wheelbarrow
18:52 Gold Mining
22:21 Castle Age
Connection lost

Rejoining the realm…

Still unreachable

The connection could not be restored.

Session expired

The server has moved on; the page needs a fresh start.